Map: Prion Terraces

Players

Kazeshini - Winner!

  • Race: Zerg Zerg
  • League: Bronze

Miltreta

  • Race: Terran Terran
  • League: Bronze

VOD

Have the link to the VOD?

Description

Time

  • Played on: March 10, 2016, 2:58 p.m.
  • Length: 22:18
Show
View Real Time Build Order
Export as new Build Order

Kazeshini Zerg - Winner!

Build Orders: Pool First, Lurkers 

Get SALT Encoding   

  12  0:02  Drone  
  13  0:35  Spawning Pool  
  13  0:40  Drone  
  13  0:57  Drone  
  13  0:59  Hatchery  
  13  1:04  Overlord  
  13  1:26  Roach Warren  
  13  1:30  Queen  
  14  1:39  Extractor  
  13  1:42  Drone x2  
  15  1:56  Drone x2  
  17  2:16  Overlord  
  18  2:22  Drone  
  18  2:23  Drone  
  19  2:31  Roach x2  
  23  2:43  Extractor  
  23  2:44  Drone x4  
  24  2:48  Drone  
  24  2:50  Drone  
  28  3:03  Queen  
  30  3:11  Drone x3  
  33  3:22  Drone  
  34  3:27  Drone x2  
  36  3:52  Overlord x2  
  36  4:22  Spore Crawler  
  35  4:26  Spore Crawler  
  34  4:32  Roach x3  
  34  4:33  Roach x3  
  46  4:42  Drone x6  
  52  4:56  Extractor  
  52  4:57  Extractor  
  50  5:04  Roach  
  52  5:13  Lair  
  52  5:17  Overlord x2  
  52  5:40  Drone x3  
  56  5:42  Drone  
  56  5:43  Drone x2, Hatchery  
  56  5:49  Drone  
  59  5:50  Drone x2  
  60  6:12  Roach x4  
  60  6:16  Overlord  
  68  6:21  Overlord  
  68  6:22  Overlord x3  
  68  6:37  Ravager x3  
  68  6:39  Ravager  
  72  6:47  Roach x2  
  76  6:54  Drone x3  
  76  6:55  Drone  
  76  7:00  Drone x3  
  83  7:05  Drone x3  
  86  7:22  Evolution Chamber x2  
  85  7:24  Evolution Chamber  
  83  7:32  Roach x3  
  55  8:43  Zerg Missile Weapons Level 1, Zerg Ground Armor Level 1, Zerg Melee Weapons Level 1  
  55  8:50  Roach x5  
  55  8:51  Roach  
  55  8:55  Roach x5  
  77  8:59  Queen  
  77  9:01  Drone x3  
  82  9:05  Extractor  
  82  9:09  Extractor  
  80  9:23  Roach x2  
  80  9:24  Roach x3  
  90  9:36  Hydralisk Den  
  89  10:08  Muscular Augments  
  89  10:20  Hydralisk x3  
  89  10:21  Hydralisk x2  
  95  10:24  Hydralisk x3  
  95  10:25  Hydralisk x3  
  111  10:30  Ravager x3  
  111  10:35  Overlord x5  
  114  10:36  Overlord  
  114  11:27  Hydralisk x2  
  114  11:28  Hydralisk x8  
  134  11:33  Zerg Ground Armor Level 2, Zerg Melee Weapons Level 2, Zerg Missile Weapons Level 2  
  134  11:34  Lurker Den  
  71  12:09  Hydralisk  
  71  12:10  Hydralisk x2  
  77  12:16  Hydralisk  
  77  12:17  Hydralisk x2  
  83  12:27  Infestation Pit  
  83  12:29  Hydralisk x5  
  86  12:30  Hydralisk x3  
  96  12:51  Hydralisk x2  
  96  12:52  Hydralisk x3  
  90  13:15  Hatchery  
  89  13:27  Lurker x2  
  89  13:28  Lurker x3  
  89  13:33  Burrow  
  94  13:46  Hydralisk x2  
  94  13:47  Hydralisk x5  
  62  14:58  Hydralisk x3  
  62  14:59  Hydralisk x2  
  72  15:10  Hive  
  72  15:12  Hydralisk x3  
  78  15:19  Lurker x5  
  83  15:41  Hatchery  
  82  15:43  Extractor  
  82  15:45  Extractor  
  80  16:24  Ultralisk Cavern  
  79  16:44  Extractor  
  78  16:50  Zerg Melee Weapons Level 3  
  78  16:53  Zerg Missile Weapons Level 3  
  78  16:54  Zerg Ground Armor Level 3  
  78  17:06  Metabolic Boost  
  78  17:15  Zergling x2  
  78  17:16  Zergling x8  
  78  17:17  Zergling x4  
  82  17:28  Zergling x10  
  82  17:29  Zergling x10  
  93  17:30  Zergling x2  
  93  17:41  Zergling x6  
  76  18:46  Zergling x10  
  81  18:49  Hatchery  
  81  18:52  Chitinous Plating  
  86  18:55  Ultralisk  
  86  18:56  Ultralisk x4  
  86  19:02  Adrenal Glands  
  110  19:15  Drone x3  
  113  19:22  Extractor x2  
  111  19:47  Zergling x8  
  111  19:48  Zergling x8  
  119  20:15  Zergling x8  
  123  20:23  Hydralisk x3  
Show
View Real Time Build Order
Export as new Build Order

Miltreta Terran 

Build Orders: Reaper Expand, MMM Bio 

Get SALT Encoding   

  12  0:01  SCV  
  13  0:17  Supply Depot  
  13  0:19  SCV  
  14  0:31  SCV  
  15  0:41  Barracks  
  15  0:48  Supply Depot  
  15  0:53  Refinery  
  15  0:56  SCV  
  16  1:19  SCV  
  17  1:31  SCV  
  18  1:37  Refinery  
  18  1:44  SCV  
  19  1:55  Command Center  
  19  1:57  SCV  
  19  1:58  Reaper  
  21  2:13  SCV  
  22  2:33  Barracks  
  22  2:42  Marine  
  23  3:08  Engineering Bay  
  22  3:20  Barracks Tech Lab  
  22  3:24  Barracks Tech Lab  
  22  3:41  Missile Turret  
  22  3:45  Marauder  
  22  3:46  Marauder  
  22  3:47  Concussive Shells  
  26  3:48  Combat Shields  
  26  4:00  Barracks  
  26  4:02  Supply Depot  
  26  4:11  Missile Turret  
  26  4:35  Stimpack  
  26  4:37  Terran Infantry Weapons Level 1  
  26  4:41  Orbital Command  
  26  4:48  Marine  
  28  4:56  Marine  
  28  4:58  Barracks Reactor  
  28  5:05  Supply Depot  
  28  5:07  SCV  
  29  5:22  Factory  
  29  5:31  Engineering Bay, SCV  
  29  5:32  SCV  
  31  5:40  Refinery  
  31  5:56  Supply Depot  
  31  5:57  Marine x2  
  31  5:59  Marauder  
  31  6:00  Marauder  
  37  6:05  Orbital Command  
  37  6:11  Terran Infantry Armor Level 1  
  37  6:15  Marine x2  
  39  6:19  Widow Mine  
  39  6:21  Marauder x2  
  45  6:31  SCV  
  46  6:37  SCV  
  47  6:43  SCV  
  48  6:47  Widow Mine, Armory  
  48  6:49  SCV  
  51  6:58  Supply Depot  
  51  7:08  Supply Depot  
  51  7:14  Bunker  
  51  7:20  Missile Turret  
  51  7:23  SCV  
  51  7:24  SCV  
  53  7:31  Neosteel Frame  
  40  8:40  Marine  
  40  8:41  Marine  
  42  8:42  Marauder x2  
  42  8:44  Widow Mine  
  48  9:03  Marauder x2  
  52  9:13  Widow Mine  
  54  9:21  Starport  
  54  9:26  Barracks  
  54  9:32  Factory  
  54  10:00  Factory Tech Lab  
  54  10:11  Terran Infantry Weapons Level 2, Terran Infantry Armor Level 2  
  54  10:19  Command Center  
  54  10:20  Terran Vehicle Weapons Level 1  
  54  10:23  Drilling Claws  
  54  10:26  Factory Reactor  
  54  10:32  Barracks Reactor  
  54  10:34  Marine x2  
  58  10:36  Marauder x2  
  58  10:41  Siege Tank  
  63  10:43  Medivac  
  65  10:50  Supply Depot  
  65  10:53  Supply Depot  
  65  10:56  Supply Depot  
  65  11:07  Widow Mine  
  65  11:08  Widow Mine  
  69  11:13  Marine, Medivac  
  69  11:14  Marine  
  69  11:15  Marine x2  
  69  11:17  Marauder x2  
  69  12:26  Marine x2  
  69  12:27  Marauder x2  
  75  12:32  Siege Tank  
  75  12:33  Hellion x2  
  82  12:54  Hellion  
  62  13:25  Bunker  
  62  13:35  Marine x2  
  62  13:36  Marauder x2  
  62  13:37  Marine x2  
  62  13:40  Siege Tank  
  73  13:43  Hellion x2  
  73  13:47  Medivac  
  79  13:58  Marauder x2  
  83  14:12  Siege Tank  
  86  14:17  Medivac  
  77  14:44  Thor  
  78  14:47  Marine x2  
  78  14:48  Marine x2  
  80  15:00  Starport Tech Lab  
  80  15:20  Medivac  
  82  15:24  Refinery  
  82  15:25  Marine  
  82  15:26  Marine  
  82  15:27  Marine x2  
  82  15:28  Marauder x2  
  90  15:32  Thor  
  96  15:39  Hellion  
  98  15:43  Marine x2  
  98  15:48  Terran Vehicle Weapons Level 2  
  98  15:49  Marauder  
  104  15:50  Marauder  
  104  16:06  Marine x4  
  104  16:11  Marauder x2  
  112  16:14  Widow Mine x2  
  116  16:20  Supply Depot  
  116  16:41  Marauder, Thor  
  118  17:27  Marine x2  
  118  17:28  Marine x2  
  118  17:29  Marauder  
  124  17:38  Hellbat  
  124  17:40  Marauder, Hellbat x2  
  103  17:51  Marauder  
  90  18:01  Marauder  
  77  18:23  Marine  
  77  18:24  Marine x2  
  77  18:25  Marine, Orbital Command  
  77  18:26  Marauder x2  
  85  18:28  Hellbat x3  
  85  18:33  Raven  
  93  18:39  Terran Infantry Weapons Level 3  
  93  18:40  Terran Infantry Armor Level 3  
  93  18:48  Orbital Command  
  93  18:49  Hellbat, Thor  
  101  19:16  Medivac  
  103  20:00  Command Center  
  103  20:02  Refinery  
  103  20:06  Refinery  
  103  20:10  Missile Turret  
  103  20:13  Missile Turret  
  103  20:30  Marine x2  
  103  20:31  Marine  
  103  20:32  Marine  
  103  20:35  Widow Mine  
  107  20:36  Widow Mine  
  107  20:39  Hellbat  
  83  21:00  Hellbat  
  53  21:14  Marine  
  53  21:15  Marine  
  53  21:16  Marine  
  54  21:21  Thor  
Tags
 
Add a new tag
Caveats
  • Supply blocks, unpowered buildings, or Contaminate may cause inaccurate times.
  • Supply counts are checked every 10 seconds.